Map: Dusk Towers

Players

pacjax

  • Race: Protoss Protoss
  • League: Master

Dusk - Winner!

  • Race: Zerg Zerg
  • League: Diamond

VOD

Have the link to the VOD?

Description

Time

  • Played on: Jan. 2, 2016, 1:26 p.m.
  • Length: 16:43
Show
View Real Time Build Order
Export as new Build Order

pacjax Protoss 

Build Orders: Zealot Archon 

Get SALT Encoding   

  12  0:01  Probe (Chrono Boost)  
  13  0:11  Probe (Chrono Boost)  
  14  0:17  Pylon  
  14  0:22  Probe (Chrono Boost)  
  16  0:35  Probe (Chrono Boost)  
  16  0:38  Gateway  
  16  0:43  Assimilator  
  16  0:47  Probe (Chrono Boost)  
  17  0:57  Probe (Chrono Boost)  
  18  1:06  Gateway  
  18  1:08  Probe (Chrono Boost)  
  19  1:19  Probe (Chrono Boost)  
  19  1:25  Cybernetics Core  
  20  1:29  Probe (Chrono Boost)  
  20  1:31  Pylon  
  22  1:40  Probe (Chrono Boost)  
  22  1:50  Probe (Chrono Boost)  
  23  2:01  Probe (Chrono Boost), Adept (Chrono Boost)  
  24  2:02  Warp Gate  
  24  2:05  Adept (Chrono Boost)  
  24  2:07  Assimilator  
  28  2:12  Probe  
  29  2:25  Probe (Chrono Boost)  
  30  2:31  Nexus  
  30  2:36  Probe (Chrono Boost)  
  31  2:42  Pylon  
  31  2:49  Forge  
  31  3:00  Sentry, Probe (Chrono Boost)  
  32  3:07  Robotics Facility  
  32  3:11  Probe (Chrono Boost)  
  33  3:15  Protoss Ground Weapons Level 1 (Chrono Boost)  
  33  3:24  Probe (Chrono Boost)  
  34  3:36  Probe  
  35  3:42  Assimilator  
  35  3:46  Mothership Core  
  35  3:48  Probe  
  38  3:52  Pylon  
  38  3:55  Observer (Chrono Boost)  
  39  4:00  Probe  
  40  4:06  Sentry  
  40  4:07  Probe  
  43  4:12  Probe, Nexus  
  44  4:18  Pylon  
  44  4:20  Probe (Chrono Boost)  
  45  4:24  Probe (Chrono Boost)  
  45  4:31  Twilight Council  
  46  4:33  Probe (Chrono Boost)  
  46  4:34  Sentry  
  46  4:35  Probe (Chrono Boost)  
  50  4:39  Gateway  
  50  4:43  Pylon  
  51  4:47  Probe (Chrono Boost)  
  51  4:51  Pylon  
  51  4:52  Probe (Chrono Boost)  
  52  4:59  Pylon  
  52  5:01  Stalker  
  52  5:05  Gateway  
  54  5:07  Protoss Ground Weapons Level 2  
  54  5:08  Probe (Chrono Boost)  
  55  5:15  Gateway  
  55  5:19  Probe (Chrono Boost), Assimilator  
  55  5:20  Probe (Chrono Boost)  
  57  5:31  Immortal  
  57  5:34  Probe (Chrono Boost)  
  62  5:38  Probe (Chrono Boost)  
  62  5:39  Probe (Chrono Boost)  
  64  5:43  Charge (Chrono Boost)  
  64  5:47  Probe  
  64  5:49  Probe  
  66  5:54  Probe  
  66  5:56  Zealot x2  
  71  6:00  Probe  
  71  6:01  Probe  
  73  6:07  Zealot x2  
  73  6:09  Probe  
  73  6:10  Immortal  
  78  6:12  Probe  
  83  6:20  Probe  
  83  6:21  Probe  
  85  6:25  Assimilator  
  85  6:28  Probe  
  85  6:30  Pylon  
  85  6:31  Zealot x2  
  85  6:32  Probe  
  90  6:41  Zealot  
  90  6:42  Zealot x2  
  90  6:43  Probe x2  
  90  6:45  Assimilator  
  98  6:50  Templar Archives  
  98  7:07  Probe x3  
  98  7:08  Zealot x5  
  107  7:14  Gateway  
  111  7:19  Probe x3  
  111  7:22  Protoss Ground Weapons Level 3  
  114  7:29  High Templar x2  
  117  7:40  Psionic Storm, Archon  
  117  7:45  Pylon  
  117  7:48  Nexus  
  117  7:50  Pylon  
  117  7:51  Pylon  
  117  8:03  Probe x3  
  120  8:10  High Templar x4  
  120  8:11  Gateway  
  120  8:12  Gateway, High Templar  
  128  8:13  High Templar  
  128  8:14  Archon  
  128  8:15  Gateway, Archon, Probe  
  128  8:17  Archon  
  135  8:27  Probe x2, Assimilator  
  135  8:32  Assimilator  
  135  8:38  Immortal  
  135  8:46  Robotics Facility  
  135  8:48  Pylon x2  
  139  8:50  Pylon  
  139  8:51  Pylon x2  
  139  8:52  Zealot  
  139  8:53  Pylon  
  139  8:55  Pylon  
  141  9:04  High Templar x3  
  141  9:05  High Templar  
  141  9:08  Archon  
  141  9:09  Archon  
  149  9:13  Immortal, Zealot x2  
  149  9:14  Zealot x2  
  161  9:30  Gateway  
  161  9:31  Gateway  
  161  9:36  Observer  
  161  9:37  Zealot x6  
  161  9:38  Zealot x3  
  180  9:51  Warp Prism  
  180  9:57  Observer  
  183  10:01  High Templar x2  
  183  10:02  High Templar x2  
  183  10:04  High Templar x2  
  183  10:05  Zealot x2  
  183  10:15  Zealot  
  180  10:25  Zealot x2  
  158  10:34  Zealot x4  
  158  10:35  Zealot x3  
  140  10:47  Zealot x4  
  128  10:50  Immortal (Chrono Boost)  
  128  10:55  Immortal (Chrono Boost), Zealot x2  
  128  10:56  Zealot x4  
  144  11:09  Zealot x4  
  112  11:18  Zealot x3  
  112  11:19  Zealot x2  
  118  11:28  Protoss Ground Armor Level 1  
  118  11:29  Immortal (Chrono Boost)  
  118  11:31  High Templar x4  
  130  11:34  Immortal (Chrono Boost)  
  130  11:35  Archon x2  
  130  11:39  High Templar x3  
  140  11:40  High Templar  
  140  11:43  Archon x2  
  140  11:45  Zealot x2  
  144  11:49  Stargate  
  144  11:52  Assimilator  
  144  11:53  Stargate  
  144  11:54  Photon Cannon  
  132  12:13  Zealot x3  
  132  12:14  Zealot x6  
  133  12:25  High Templar  
  133  12:29  Observer x2 (Chrono Boost)  
  137  12:37  Fleet Beacon, High Templar  
  137  12:38  High Templar x2  
  137  12:42  High Templar x2  
  147  12:45  Nexus  
  147  12:47  Archon  
  147  12:51  Immortal (Chrono Boost)  
  147  12:54  Zealot x3  
  157  13:01  Warp Prism (Chrono Boost)  
  159  13:09  Pylon  
  159  13:12  Pylon  
  159  13:21  Pylon  
  159  13:22  Tempest x2 (Chrono Boost)  
  159  13:24  High Templar x2  
  171  13:44  Photon Cannon  
  171  13:45  Photon Cannon  
  171  13:47  Photon Cannon  
  171  13:50  Stargate  
  171  13:51  Zealot  
  171  13:52  Zealot x3  
  177  14:00  Zealot x3  
  137  14:10  Archon  
  137  14:12  Zealot x2  
  137  14:13  Zealot x3  
  122  14:21  High Templar x3  
  122  14:22  High Templar  
  130  14:30  Assimilator  
  130  14:31  Archon  
  130  14:32  Archon  
  130  14:34  High Templar x4, Assimilator  
  130  14:35  High Templar x2  
  130  14:38  Archon x2  
  142  14:39  Archon  
  140  14:49  Tempest (Chrono Boost)  
  144  15:02  Zealot x4  
  144  15:04  Tempest (Chrono Boost)  
  160  15:10  Tempest (Chrono Boost)  
  160  15:12  Zealot x2  
  160  15:13  Zealot x3  
  120  15:25  Zealot x4  
  104  15:35  Tempest (Chrono Boost)  
  92  15:39  High Templar x2  
  90  15:43  Archon  
  90  15:48  Zealot x4  
  90  15:49  Zealot x3  
  104  16:00  High Templar  
  106  16:08  Zealot x2  
  106  16:09  Zealot x5  
  110  16:16  Zealot x2  
  89  16:31  Zealot x7  
Show
View Real Time Build Order
Export as new Build Order

Dusk Zerg - Winner!

Build Orders: Hatch First, Lurkers 

Get SALT Encoding   

  12  0:01  Drone  
  13  0:12  Overlord  
  13  0:17  Drone  
  14  0:30  Drone x2  
  14  0:34  Drone  
  17  0:53  Hatchery  
  17  0:56  Drone  
  17  1:09  Spawning Pool  
  16  1:12  Drone  
  17  1:35  Hatchery  
  17  1:36  Drone  
  17  1:39  Extractor  
  16  1:55  Queen  
  16  1:56  Zergling x4  
  16  1:57  Zergling x2  
  21  2:08  Drone  
  22  2:12  Queen  
  24  2:23  Drone x2  
  24  2:28  Overlord  
  27  2:44  Drone x2  
  28  2:53  Metabolic Boost  
  28  2:56  Queen  
  29  3:08  Drone  
  29  3:09  Drone  
  31  3:13  Drone x2  
  31  3:16  Drone  
  31  3:19  Drone  
  35  3:22  Drone  
  36  3:28  Overlord  
  36  3:31  Drone  
  36  3:32  Queen  
  36  3:33  Drone  
  40  3:39  Drone  
  40  3:40  Overlord  
  41  3:48  Drone x4  
  45  3:53  Drone x2  
  45  3:54  Drone  
  48  4:00  Drone x3  
  51  4:08  Lair  
  51  4:09  Overlord  
  51  4:11  Extractor  
  51  4:16  Drone  
  51  4:17  Drone x3  
  54  4:18  Drone  
  55  4:29  Drone  
  55  4:30  Drone x7  
  63  4:33  Extractor  
  63  4:34  Extractor  
  61  4:39  Roach Warren  
  61  4:44  Drone x4  
  64  4:45  Overlord  
  64  4:52  Overlord  
  64  4:54  Overlord  
  64  4:55  Drone x2  
  66  5:04  Overlord  
  66  5:07  Evolution Chamber, Drone  
  66  5:08  Drone x3  
  66  5:10  Hydralisk Den  
  66  5:11  Evolution Chamber  
  66  5:23  Drone x5  
  66  5:24  Drone  
  66  5:27  Glial Reconstitution  
  72  5:34  Zerg Missile Weapons Level 1  
  72  5:35  Hatchery  
  71  5:38  Drone x3  
  71  5:40  Roach x2, Extractor  
  71  5:41  Roach, Extractor  
  78  5:47  Overseer  
  78  5:48  Overlord  
  78  5:49  Overlord  
  78  5:58  Zerg Ground Armor Level 1  
  78  5:59  Muscular Augments  
  78  6:00  Spore Crawler, Roach  
  78  6:01  Roach x2  
  83  6:05  Hydralisk  
  85  6:11  Ravager x2  
  85  6:12  Ravager  
  85  6:13  Roach x3  
  85  6:15  Zergling x4  
  96  6:19  Overlord  
  96  6:20  Overlord  
  96  6:21  Overlord  
  96  6:28  Spore Crawler, Drone x3  
  96  6:30  Spine Crawler  
  96  6:32  Spore Crawler  
  96  6:35  Spine Crawler  
  96  6:39  Zergling x2  
  96  6:47  Ravager x4, Queen  
  102  6:56  Roach x6  
  102  6:57  Roach  
  102  6:59  Infestation Pit  
  102  7:01  Drone x3  
  118  7:11  Roach  
  118  7:12  Lurker Den  
  120  7:17  Pneumatized Carapace  
  120  7:21  Overlord, Roach x5  
  120  7:22  Overlord  
  130  7:31  Roach x2  
  130  7:32  Roach  
  135  7:37  Spore Crawler, Drone  
  135  7:39  Spine Crawler  
  135  7:41  Zerg Missile Weapons Level 2  
  135  7:44  Roach x3  
  140  7:45  Roach  
  142  7:53  Roach x2  
  142  7:54  Roach  
  142  7:57  Ravager  
  149  7:59  Overlord, Ravager x2  
  149  8:00  Overlord x2  
  151  8:09  Zerg Ground Armor Level 2  
  151  8:14  Overlord  
  151  8:16  Extractor  
  151  8:17  Overlord  
  151  8:19  Drone x7  
  157  8:20  Extractor  
  157  8:27  Ravager x4  
  157  8:28  Ravager  
  157  8:33  Drone x4  
  157  8:34  Drone x3  
  168  8:36  Hydralisk x2  
  172  8:48  Overlord x2  
  172  8:49  Drone  
  172  8:51  Hydralisk  
  175  8:58  Hydralisk x3  
  181  9:05  Hatchery  
  180  9:12  Lurker x3  
  180  9:13  Overseer  
  180  9:14  Hydralisk x2  
  187  9:24  Hive  
  187  9:27  Drone x3  
  187  9:28  Drone  
  191  9:33  Lurker x2  
  191  9:34  Lurker  
  191  9:36  Lurker  
  195  9:43  Drone x4  
  199  9:50  Overseer  
  199  10:07  Hatchery  
  196  10:27  Roach x6  
  193  10:35  Roach  
  162  10:36  Roach x19  
  162  10:41  Roach x4  
  162  10:42  Roach x4  
  191  10:44  Zerg Missile Weapons Level 3  
  191  10:45  Zerg Ground Armor Level 3  
  181  10:51  Hydralisk x3  
  181  10:52  Roach x3  
  181  10:56  Hydralisk x2  
  197  11:04  Hydralisk x2  
  177  11:11  Hydralisk x3, Roach  
  177  11:12  Roach x3  
  177  11:15  Roach x2  
  177  11:16  Roach  
  163  11:25  Lurker x2  
  161  11:31  Ravager x2  
  163  11:35  Overseer  
  163  11:47  Extractor  
  163  11:50  Extractor  
  163  11:53  Ravager  
  162  11:54  Ravager  
  162  11:55  Ravager x4  
  162  12:00  Overseer  
  167  12:03  Roach x3  
  167  12:06  Lurker  
  158  12:32  Drone x2  
  158  12:33  Drone x4  
  158  12:34  Spore Crawler  
  163  12:37  Spine Crawler  
  163  12:38  Lurker x3  
  163  12:39  Lurker x4, Hydralisk  
  163  12:44  Ravager  
  172  12:48  Hydralisk  
  172  12:49  Hydralisk, Roach  
  178  12:54  Spine Crawler  
  178  12:55  Spore Crawler  
  176  13:05  Hydralisk x4, Roach  
  178  13:06  Roach x5  
  178  13:07  Overlord x3  
  196  13:18  Pathogen Glands, Ultralisk Cavern  
  195  13:20  Extractor  
  195  13:22  Zerg Melee Weapons Level 1  
  195  13:24  Extractor  
  193  13:29  Hatchery  
  192  13:34  Overlord x2  
  192  13:35  Overseer  
  192  14:09  Hydralisk x7, Roach x3  
  164  14:10  Roach x5  
  164  14:14  Hydralisk x2  
  164  14:15  Hydralisk x8  
  164  14:16  Hydralisk x8  
  164  14:17  Hydralisk x2  
  161  14:26  Hydralisk x3, Roach x2  
  161  14:27  Roach x2  
  175  14:35  Zergling x12  
  181  14:40  Hydralisk x5  
  181  14:41  Hydralisk x2  
  195  15:03  Chitinous Plating  
  194  15:12  Hydralisk  
  194  15:13  Hydralisk x8  
  194  15:14  Hydralisk x8  
  169  15:16  Hydralisk x2  
  175  15:21  Hydralisk  
  175  15:22  Hydralisk  
  165  15:32  Hydralisk x3  
  165  15:33  Roach x2  
  165  15:35  Overseer x2  
  163  15:40  Hydralisk x2  
  163  15:48  Drone x2  
  165  15:52  Hydralisk x2  
  165  15:53  Roach  
  171  16:09  Hydralisk x2  
  171  16:10  Hydralisk x2, Roach x2  
  171  16:11  Roach x2  
Tags
 
Add a new tag
Caveats
  • Supply blocks, unpowered buildings, or Contaminate may cause inaccurate times.
  • Supply counts are checked every 10 seconds.